 Dungeon Crawl Stone Soup version 0.32-a0-996-gb3226c233f (webtiles) character file.

Game seed: 13811419121556593495

9 ytrimaz the Caller (level 2, -1/19 HPs)
             Began as a Demonspawn Summoner on Apr 24, 2024.
             Slain by a jackal (3 damage)
             ... on level 1 of the Dungeon.
             The game lasted 00:00:32 (152 turns).

ytrimaz the Caller (Demonspawn Summoner)             Turns: 152, Time: 00:00:32

Health: -1/19      AC:  2    Str:  8    XL:     2   Next: 3%
Magic:  0/5        EV: 11    Int: 15    God:
Gold:   9          SH:  0    Dex: 13    Spells: 4/5 levels left

rFire   . . .        (no weapon)
rCold   . . .        (no shield)
rNeg    . . .        a - +0 robe
rPois   .            (no helmet)
rElec   .            (no cloak)
rCorr   .            (no gloves)
SInv    .            (no boots)
Will    .....        (no amulet)
Stlth   ++           (no ring)
HPRegen 0.23/turn    (no ring)
MPRegen 0.09/turn

%: no passive effects
@: no status effects
A: demonic magic 1
a: no special abilities


You were on level 1 of the Dungeon.
You visited 1 branch of the dungeon, and saw 1 of its levels.

You collected 9 gold pieces.


Innate Abilities, Weirdness & Mutations

Spells you cast may paralyse adjacent enemies.


   Skills:
 + Level 2.0 Dodging
 - Level 1.7 Stealth
 + Level 2.2 Spellcasting
 + Level 4.1 Summonings


You had 4 spell levels left.
You knew the following spells:

 Your Spells              Type           Power      Damage    Failure   Level
a - Summon Small Mammal   Summ           56%        N/A       4%          1

Your spell library contained the following spells:

 Spells                   Type           Power      Damage    Failure   Level
 Call Imp                 Summ           28%        N/A       6%          2
 Call Canine Familiar     Summ           14%        N/A       12%         3
 Summon Blazeheart Golem  Fire/Summ      7%         N/A       67%         4
 Summon Lightning Spire   Summ/Air       7%         N/A       67%         4

Inventory:

Armour
 a - a +0 robe (worn)

Dungeon Overview and Level Annotations

Branches:
Dungeon (1/15) Zot: 5847

Altars:

...#### ##.#####.######****,,,,,,
......####.โ€ ####...#####
*,,,,,,
...##........#####...###***,,,,,,
#.#########..#######....,**,,,,,,
#..# ####.###########,**,,,,,,
##.#** ##..r.###.#####.,,,,,,**,
*...#####.##h##..#####.,,,,,,,,,
*##.......##.ยง...#####.,,,,,,,,,
######..####h@.#####.,,,,,,,,,
#######.)..####.#..####.,,,,,,,,,
.h.h..#.##.####.#..####.,,,,,,,,,
***#ยง.........โ€
.........,,,,,,,,,
,#...######.............,,,,****,
h....,,,!##.............,,*,* *,
##.##**#..[.........#...,,,,* **,
#.* ####............$,,,,***,,
#,* #............,,,,,,,,,,


You could see 2 jackals and a friendly quokka (summoned).


Message History

๐Ÿ˜ฑ HP[-3] MP[+1]
You take 3 damage, and now have 3/13 hp.
MASSIVE DAMAGE!! (PAUSE) Unknown command.
Casting: Summon Small Mammal (safe; 4% risk of failure)
Press: ? - help, Q - select action Dir - look around, f - activate The goblin barely misses you. ๐Ÿ˜ฑ MP[-1]
You lost 1 mp, and now have 1/3 mp.
Unknown command.
The goblin attacks as it pursues you! The goblin closely misses you.
Your quokka bites the goblin.
The goblin dies!
You have reached level 2!
Your demonic ancestry asserts itself...
A menacing aura infuses your magic. ๐Ÿ˜จ HP[+2]
You now have 19 max hp (+6).
You regained 2 hp, and now have 5/19 hp.
Casting: Summon Small Mammal (safe; 4% risk of failure)
Press: ? - help, Q - select action Dir - look around, f - activate Malevolent energies surge around you.
Your quokka closely misses the jackal. ๐Ÿ˜จ MP[-1]
You lost 1 mp, and now have 0/5 mp.
You swap places.
Your bat closely misses the jackal. ๐Ÿ˜จ HP[+1]
Your bat barely misses the jackal.
The jackal bites your quokka. The jackal closely misses you.
Your quokka barely misses the jackal.
Your bat hits the jackal but does no damage.
The jackal attacks as it pursues you! The jackal barely misses you.
The jackal barely misses your quokka. The jackal closely misses you.
Your bat misses the jackal. ๐Ÿ˜จ HP[+1]
The jackal bites you.
* * * LOW HITPOINT WARNING * * *
Your quokka bites the jackal. ๐Ÿ˜จ HP[-1]
You take 1 damage, and now have 6/19 hp.
The jackal bites you.
* * * LOW HITPOINT WARNING * * *
๐Ÿ˜จ HP[-1]
You take 1 damage, and now have 5/19 hp.
You hit the jackal but do no damage.
Your quokka closely misses the jackal.
The jackal bites you but does no damage.
Your bat misses the jackal.
Your quokka barely misses the jackal. ๐Ÿ˜จ MP[+1] Unknown command.
You hit the jackal.
Your bat hits the jackal but does no damage.
The jackal bites you.
* * * LOW HITPOINT WARNING * * *
Something barely misses your bat.
Your quokka barely misses the jackal.
The jackal bites you but does no damage. ๐Ÿ˜ฑ HP[-2]
You take 2 damage, and now have 3/19 hp.
You hit the jackal. Your bat misses the jackal. Your bat hits the jackal.
The jackal closely misses you.
Your quokka barely misses the jackal.
The jackal bites your bat.
Your bat dies!
Your bat's corpse disappears in a puff of smoke!
Unknown command.
You hit the jackal but do no damage.
The jackal bites you but does no damage.
Your quokka barely misses the jackal.
Unknown command.
Casting: Summon Small Mammal (safe; 4% risk of failure)
Press: ? - help, Q - select action Dir - look around, f - activate Malevolent energies surge around you.
The jackal closely misses your bat.
Your quokka closely misses the jackal.
The jackal bites you but does no damage.
The jackal pauses to sniff the ground. ๐Ÿ˜ฑ MP[-1]
You lost 1 mp, and now have 0/5 mp.
You swap places.
Your bat misses the jackal.
Your quokka bites the jackal but does no damage.
The jackal bites you.
* * * LOW HITPOINT WARNING * * *
Your quokka closely misses the jackal.
Your bat closely misses the jackal. ๐Ÿ˜ฑ HP[-2]
You take 2 damage, and now have 1/19 hp.
Unknown command.
Your bat barely misses the jackal. x2; Your quokka bites the jackal. ๐Ÿ˜ฑ HP[+1]
You aren't carrying any potions.
As you read the scroll labelled BYNEGGUKKA, it crumbles to dust.
You feel aware of your surroundings.
It was a scroll of revelation.
Your bat misses the jackal. The jackal closely misses your bat.
Your bat hits the jackal but does no damage.
The jackal barely misses you.
Your quokka barely misses the jackal.
The jackal bites your bat.
Your bat closely misses the jackal.
Unknown command.
Your bat misses the jackal.
Your bat closely misses the jackal.
The jackal completely misses you. The jackal bites your bat.
Your bat dies!
Your bat's corpse disappears in a puff of smoke!
Your quokka completely misses the jackal.
The jackal bites you.
You die...

Skill      XL: |  1 |
---------------+----+-----
Dodging        | 2 |  2.0
Stealth        | |  1.7
Spellcasting   | |  2.2
Summonings     | |  4.1

Action                     || total
---------------------------++-------
  Melee: Unarmed           ||    23
         Punch             ||     1
   Cast: Summon Small Mamm ||    11
    Use: Potion            ||     1
         Scroll            ||     1
 Armour: Robe              ||    26
  Dodge: Dodged            ||    34

Levels and vault maps discovered:
D:1:      amcnicky_arrival_flooded_fountain, layout_rooms, minmay_pentomino_p4

Notes
Turn   | Place    | Note
-------+----------+-------------------------------------------
     0 | D:1      | ytrimaz the Demonspawn Summoner began the quest for the
                  | Orb.
     0 | D:1      | Reached XP level 1. HP: 13/13 MP: 3/3
     0 | D:1      | magus.rc [v1.9.6]
   116 | D:1      | HP: 3/13 [rat (2)]
   121 | D:1      | Reached skill level 2 in Dodging
   133 | D:1      | HP: 3/13 [goblin/+0 club (3)]
   136 | D:1      | Gained mutation: Spells you cast may paralyse adjacent
                  | enemies. [demonic ancestry]
   136 | D:1      | Reached XP level 2. HP: 5/19 MP: 1/5
   145 | D:1      | HP: 3/19 [jackal (3)]
   149 | D:1      | HP: 1/19 [jackal (2)]
   152 | D:1      | Slain by a jackal

Vanquished Creatures
  A hobgoblin (D:1)
  A frilled lizard (D:1)
2 creatures vanquished.

Vanquished Creatures (collateral kills)
  2 giant cockroaches (D:1)
  2 goblins (D:1)
  2 rats (D:1)
6 creatures vanquished.

Grand Total: 8 creatures vanquished

Table legend:
 A = Non-vault XP
 B = Vault XP
 C = Vault XP percentage of total XP
 D = Non-vault monster count
 E = Vault monster count
 F = Vault count percentage of total count
                 A         B        C        D         E       F
            +---------+---------+-------+---------+---------+-------
      Total |      13 |       0 |   0.0 |       8 |       0 |   0.0
            +---------+---------+-------+---------+---------+-------
        D:1 |      13 |       0 |   0.0 |       8 |       0 |   0.0
            +---------+---------+-------+---------+---------+-------

Skill      XL: |  1 |
---------------+----+-----
Dodging        | 2 |  2.0
Stealth        | |  1.7
Spellcasting   | |  2.2
Summonings     | |  4.1

Action                     || total
---------------------------++-------
  Melee: Unarmed           ||    23
         Punch             ||     1
   Cast: Summon Small Mamm ||    11
    Use: Potion            ||     1
         Scroll            ||     1
 Armour: Robe              ||    26
  Dodge: Dodged            ||    34

Illustrated notes

Table legend:
 A = Kills in this place as a percentage of kills in the entire game.
 B = Kills by you in this place as a percentage of kills by you in the entire game.
 C = Kills by friends in this place as a percentage of kills by friends in the entire game.
 D = Other kills in this place as a percentage of other kills in the entire game.
 E = Experience gained in this place as a percentage of experience gained in the entire game.
 F = Experience gained in this place divided by the number of levels of this place that you have seen.
                   A       B       C       D       E      F
               +-------+-------+-------+-------+-------+----------------------
         Total | 100.0 | 100.0 | 100.0 |   N/A | 100.0 |  13.0
       Dungeon | 100.0 | 100.0 | 100.0 |   N/A | 100.0 |  13.0
               +-------+-------+-------+-------+-------+----------------------

Table legend: (Time is in decaauts)
 A = Elapsed time spent in this place.
 B = Non-inter-level travel time spent in this place.
 C = Inter-level travel time spent in this place.
 D = Time resting spent in this place.
 E = Time spent auto-exploring this place.
 F = Levels seen in this place.
 G = Mean time per level.
                   A        B        C        D        E       F      G
               +--------+--------+--------+--------+--------+-----+--------+
         Total |    152 |    152 |      0 |      0 |     76 |   1 |  152.0 |
       Dungeon |    152 |    152 |      0 |      0 |     76 |   1 |  152.0 |
               +--------+--------+--------+--------+--------+-----+--------+

Top non-repeatable levels by time:
     D:1: 152 daAuts
